 Dungeon Crawl Stone Soup version 0.31.0-1-g2c135a008e (webtiles) character file.

Game seed: 1872576654518526820

55 qw the Shooter (level 4, -1/35 HPs)
             Began as a Djinni Hunter on Jan 23, 2024.
             Slain by Ijyb
             ... wielding a +0 dagger
              (3 damage)
             ... on level 3 of the Dungeon.
             The game lasted 00:00:07 (1147 turns).

qw the Shooter (Djinni Hunter)                      Turns: 1147, Time: 00:00:08

Health: -1/35      AC:  3    Str: 10    XL:     4   Next: 14%
Gold:   45         EV: 12    Int: 10    God:
                   SH:  0    Dex: 19

rFire   + + .        a - +0 shortbow
rCold   x . .        (shield currently unavailable)
rNeg    . . .        c - +0 leather armour
rPois   inf          (no helmet)
rElec   .            (no cloak)
rCorr   +            (no gloves)
SInv    .            (boots unavailable)
Will    .....        (no amulet)
Stlth   +            g - ring of resist corrosion
HPRegen 0.25/turn    (no ring)
MPRegen 0.00/turn

%: infuse magic (-2 HP)
@: confused, flying
A: sickness immunity, fire resistance 2, cold vulnerability 1, float, innate
caster, HP casting, extra vitality 1
a: no special abilities


You were on level 3 of the Dungeon.
You visited 1 branch of the dungeon, and saw 4 of its levels.

You collected 73 gold pieces.
You spent 28 gold pieces at shops.


Innate Abilities, Weirdness & Mutations

You are immune to sickness and miasma.
You are immune to poison.
Your flesh is very heat resistant. (rF++)
You are vulnerable to cold. (rC-)
You float through the air rather than walking.
You learn spells naturally, not from books.
Your magical power is your life essence.
You have superior vitality. (+4 MHP)


   Skills:
 - Level 3.0 Fighting
 - Level 4.0 Ranged Weapons
 + Level 2.3 Dodging
 - Level 0.7 Stealth


You knew the following spells:

 Your Spells              Type           Power      Damage    Failure   Level
a - Foxfire               Conj/Fire      0%         2x1d4     45%         1
Your spell library was empty.

Inventory:

Hand Weapons
 a - a +0 shortbow (weapon)
Armour
 c - a +0 leather armour (worn)
Jewellery
 g - a ring of resist corrosion (left hand)
Potions
 b - a potion of cancellation

Dungeon Overview and Level Annotations

Branches:
Dungeon (4/15)
 Temple: D:4-7

Altars:

Shops:
D:1 *=[(   D:2 [[

Annotations:
D:3 Ijyb


Message History

Ijyb misses you.
You shoot an arrow. The arrow hits Ijyb but does no damage.
Ijyb hits you with a +0 dagger.
You shoot an arrow. The arrow hits Ijyb but does no damage.
Ijyb closely misses you.
You shoot an arrow. The arrow hits Ijyb but does no damage.
Ijyb misses you. Ijyb barely misses you.
You shoot an arrow. The arrow barely misses Ijyb.
Ijyb hits you with a +0 dagger.
You shoot an arrow. The arrow closely misses Ijyb.
Ijyb hits you with a +0 dagger.
You shoot an arrow. The arrow closely misses Ijyb.
Ijyb zaps a wand.
You resist with some effort.
You shoot an arrow. The arrow hits Ijyb.
Ijyb is lightly wounded.
Ijyb hits you with a +0 dagger. Ijyb hits you but does no damage.
You shoot an arrow. The arrow hits Ijyb but does no damage.
Ijyb is lightly wounded.
Ijyb hits you but does no damage.
You shoot an arrow. The arrow hits Ijyb but does no damage.
Ijyb is lightly wounded.
Ijyb hits you with a +0 dagger.
You shoot an arrow. The arrow closely misses Ijyb.
Ijyb misses you.
You shoot an arrow. The arrow hits Ijyb but does no damage.
Ijyb is lightly wounded.
Ijyb hits you with a +0 dagger. Ijyb hits you but does no damage.
You shoot an arrow. The arrow closely misses Ijyb.
Ijyb zaps a wand.
Your will is overpowered!
You are confused.
Ijyb closely misses you. Ijyb hits you with a +0 dagger.
Ijyb hits you with a +0 dagger. Ijyb closely misses you.
Ijyb barely misses you.
You feel less confused.
Ijyb zaps a wand.
Your will is overpowered!
You are confused.
Ijyb hits you with a +0 dagger.
You die...

####### ##
##.....##.$
##..........
#...........
#...........
#...........
#<........!.
#...@g..(...
#........)..
##..........
##.....##..
####### #


You could see Ijyb.

Vanquished Creatures
  An adder (D:2)
  2 ribbon worms
  An orc (D:4)
  3 bats (D:1)
  2 endoplasms (D:2)
  2 giant cockroaches (D:1)
  6 goblins
  3 hobgoblins
  4 jackals (D:1)
  2 quokkas (D:1)
  4 ball pythons
  2 frilled lizards (D:2)
  4 kobolds
  3 rats
39 creatures vanquished.

Notes
Turn   | Place    | Note
-------+----------+-------------------------------------------
     0 | D:1      | qw the Djinni Hunter began the quest for the Orb.
     0 | D:1      | Reached XP level 1. HP: 18/18 MP: 0/0
     0 | D:1      | 0 ||| qw: Version: 0.3-a-132-g3d54051
     0 | D:1      | 0 ||| qw: Game counter: 599
     0 | D:1      | 0 ||| qw: Melee chars always use a shield: true
     0 | D:1      | 0 ||| qw: God list: Okawaru
     0 | D:1      | 0 ||| qw: Allow faded altars: false
     0 | D:1      | 0 ||| qw: Do Orc after clearing Dungeon:15 true
     0 | D:1      | 0 ||| qw: Do second Lair branch before Depths: true
     0 | D:1      | 0 ||| qw: Lair rune preference: random
     0 | D:1      | 0 ||| qw: Goals: Normal
     0 | D:1      | 0 ||| PLANNING D:1-11
   128 | D:1      | Reached XP level 2. HP: 23/23 MP: 0/0
   132 | D:1      | Found Kaqel's Armour Shop.
   133 | D:1      | Found Jisoef's Jewellery Shoppe.
   141 | D:1      | 141 ||| SHOPLISTING +1 helmet (161 gold, have 17).
   147 | D:1      | 147 ||| SHOPLISTING +4 ring of protection (396 gold, have
                  | 17).
   147 | D:1      | 147 ||| SHOPLISTING amulet of faith (440 gold, have 17).
   147 | D:1      | 147 ||| SHOPLISTING amulet of reflection (330 gold, have
                  | 17).
   147 | D:1      | 147 ||| SHOPLISTING amulet of regeneration (330 gold, have
                  | 17).
   147 | D:1      | 147 ||| SHOPLISTING ring "Zuwkucs" {Fly rC+} (346 gold,
                  | have 17).
   147 | D:1      | 147 ||| SHOPLISTING ring of see invisible (165 gold, have
                  | 17).
   147 | D:1      | 147 ||| SHOPLISTING ring of willpower (275 gold, have 17).
   227 | D:1      | 227 ||| RETREEEEATING.
   228 | D:1      | 228 ||| RETREEEEATING.
   319 | D:1      | Found Cokieh's Antique Weapon Emporium.
   500 | D:1      | Reached XP level 3. HP: 25/28 MP: 0/0
   500 | D:1      | Learned a level 1 spell: Foxfire
   515 | D:1      | Found Tymoh's General Store.
   526 | D:1      | Reached skill level 4 in Ranged Weapons
   529 | D:1      | 529 ||| SHOPLISTING +1 cloak (161 gold, have 49).
   529 | D:1      | 529 ||| BUYING scroll of identify (28 gold).
   529 | D:1      | Bought a scroll of identify for 28 gold pieces
   537 | D:1      | Found a faded altar of an unknown god.
   590 | D:1      | 590 ||| UPGRADING to ring of resist corrosion.
   591 | D:1      | 591 ||| READING scroll of identify.
   591 | D:1      | 591 ||| IDENTIFYING scroll labelled HEG NYFIGIO
   592 | D:1      | 592 ||| READING scroll labelled WOOCVI JUCOC.
   593 | D:1      | 593 ||| READING scroll labelled VESA AROLAYLE.
   594 | D:1      | 594 ||| DROPPING scroll of butterflies.
   595 | D:1      | 595 ||| DROPPING scroll of poison.
   726 | D:2      | Found Fashi's Antique Armour Shop.
   740 | D:2      | 740 ||| SHOPLISTING +5 robe of Night {Dark Will+ SInv}
                  | (1380 gold, have 32).
   740 | D:2      | 740 ||| SHOPLISTING ring mail (92 gold, have 32).
   883 | D:2      | You are sucked into a shaft and drop 2 floors!
   918 | D:4      | 918 ||| FLEEEEING.
   924 | D:4      | 924 ||| STAIRDANCE
   937 | D:3      | 937 ||| READING scroll of identify.
   937 | D:3      | 937 ||| IDENTIFYING murky black potion
   938 | D:3      | 938 ||| FLEEEEING.
   942 | D:3      | 942 ||| STAIRDANCE
   954 | D:2      | Found Bosovi's Antique Armour Shop.
   964 | D:2      | 964 ||| SHOPLISTING ring mail (88 gold, have 32).
   964 | D:2      | 964 ||| SHOPLISTING runed helmet (165 gold, have 32).
   974 | D:2      | Reached XP level 4. HP: 30/34 MP: 0/0
   977 | D:2      | Reached skill level 3 in Fighting
  1079 | D:2      | 1079 ||| READING scroll labelled WIPHOF ESYVO.
  1103 | D:3      | Noticed Ijyb
  1142 | D:3      | HP: 6/35 [Ijyb/+0 dagger (4)]
  1143 | D:3      | HP: 1/35 [Ijyb/+0 dagger (5)]
  1147 | D:3      | Slain by Ijyb

Levels and vault maps discovered:
D:1:      amcnicky_arrival_feature_with_door, layout_rooms,
          hellmonk_ecumenical_altar_crossroads, serial_shops, shop, shop,
          nicolae_shop_peninsula, shop, chequers_garden
D:2:      layout_rooms, serial_shops, nicolae_shop_gibbet_a_chance,
          nicolae_shop_overgrown_old_shop, minmay_misc_feat_square
D:3:      layout_rooms, uniq_sigmund, uniq_ijyb
D:4:      layout_loops_ring, serial_shops, shop

Skill      XL: |  1  2  3  4 |
---------------+-------------+-----
Ranged Weapons | 4 |  4.0
Fighting       | 3 |  3.0
Dodging        | |  2.3
Stealth        | |  0.7

Action                     |  1- 3 |  4- 6 || total
---------------------------+-------+-------++-------
   Fire: Shortbow          |   122 |    37 ||   159
    Use: Scroll            |     4 |     1 ||     5
 Armour: Leather armour    |    51 |    22 ||    73
  Dodge: Dodged            |    74 |    19 ||    93

Table legend:
 A = Non-vault XP
 B = Vault XP
 C = Vault XP percentage of total XP
 D = Non-vault monster count
 E = Vault monster count
 F = Vault count percentage of total count
                 A         B        C        D         E       F
            +---------+---------+-------+---------+---------+-------
      Total |      79 |       0 |   0.0 |      39 |       0 |   0.0
            +---------+---------+-------+---------+---------+-------
        D:1 |      33 |       0 |   0.0 |      21 |       0 |   0.0
        D:2 |      37 |       0 |   0.0 |      15 |       0 |   0.0
        D:3 |       6 |       0 |   0.0 |       2 |       0 |   0.0
        D:4 |       3 |       0 |   0.0 |       1 |       0 |   0.0
            +---------+---------+-------+---------+---------+-------
